 Dungeon Crawl Stone Soup version 0.30-a0-341-g682706514a (webtiles) character file.

Game seed: 15890135908841660714

1023 rogsnak the Conjurer (level 8, -6/54 HPs)
             Began as a Barachi Air Elementalist on Nov 2, 2022.
             Succumbed to a hornet's poison
             ... on level 5 of the Dungeon.
             The game lasted 00:09:38 (5746 turns).

rogsnak the Conjurer (Barachi Air Elementalist)     Turns: 5746, Time: 00:09:38

Health: -6/54      AC:  4    Str: 11    XL:     8   Next: 22%
Magic:  2/16       EV: 12    Int: 17    God:
Gold:   310        SH:  0    Dex: 12    Spells: 13/18 levels left

rFire   + . .      SeeInvis .    t - +4 quarterstaff (chaos)
rCold   x . .      Faith    .    (shield currently unavailable)
rNeg    . . .      Spirit   .    a - +0 robe
rPois   .          Reflect  .    C - +0 helmet
rElec   .          Harm     .    i - +0 cloak
rCorr   .          Rampage  .    (no gloves)
Will    .....                    (no boots)
Stlth   ++........               (no amulet)
HPRegen 0.29/turn                w - ring of flight
MPRegen 0.15/turn                r - ring of fire

@: lethally poisoned (-6 -> -22), flying, slowed, very slow
A: amphibious, slowness 1, strong legs 1, +LOS
a: Hop


You were on level 5 of the Dungeon.
You visited 1 branch of the dungeon, and saw 5 of its levels.

You collected 310 gold pieces.

Inventory:

Hand Weapons
 c - a +0 short sword
 t - a +4 quarterstaff of chaos (weapon)
 v - a +0 arbalest
Missiles
 x - 10 poisoned darts
Armour
 a - a +0 robe (worn)
 i - a +0 cloak (worn)
 C - a +0 helmet (worn)
Jewellery
 r - a ring of fire (right hand)
 w - a ring of flight (left hand)
Wands
 A - a wand of flame (11)
Scrolls
 f - 2 scrolls of magic mapping {unknown}
 g - 2 scrolls of enchant weapon {unknown}
 j - 2 scrolls of silence {unknown}
 k - a scroll of butterflies {unknown}
 l - 6 scrolls of identify {unknown}
 n - 2 scrolls of blinking {unknown}
 q - a scroll of vulnerability {unknown}
 y - a scroll of noise {unknown}
 B - 2 scrolls of enchant armour {unknown}
Potions
 b - a potion of magic
 d - a potion of mutation {unknown}
 e - a potion of flight {unknown}
 h - a potion of lignification {unknown}
 m - 2 potions of degeneration {unknown}
 o - a potion of cancellation {unknown}
 p - a potion of brilliance {unknown}
 s - a potion of haste {unknown}
 u - a potion of heal wounds
 z - 2 potions of curing {unknown}


   Skills:
 + Level 1.0 Fighting
 + Level 2.9 Dodging
 - Level 2.0 Stealth
 + Level 5.5 Spellcasting
 * Level 6.4 Conjurations
 + Level 5.9 Air Magic


You had 13 spell levels left.
You knew the following spells:

 Your Spells              Type           Power      Damage    Failure   Level
a - Shock                 Conj/Air       100%       1d9       1%          1
b - Airstrike             Air            12%        2d(2-18)  12%         4

Your spell library contained the following spells:

 Spells                   Type           Power      Damage    Failure   Level
 Static Discharge         Conj/Air       50%        2-5/arc   1%          2
 Swiftness                Air            24%        N/A       3%          3
 Stone Arrow              Conj/Erth      30%        3d8       11%         3
 Apportation              Tloc           8%         N/A       14%         1
 Necrotise                Necr           16%        1d4       14%         1
 Sandblast                Erth           8%         2d5       14%         1
 Summon Small Mammal      Summ           16%        N/A       14%         1
 Passwall                 Tmut/Erth      3%         N/A       21%         2


Dungeon Overview and Level Annotations

Branches:
Dungeon (5/15)
 Temple: D:4-7

Altars:
Fedhas
Kikubaaqudgha
Nemelex Xobeh

Shops:
D:1 =   D:4 [

Annotations:
D:5 Sigmund


Innate Abilities, Weirdness & Mutations

You are amphibious.
You cover ground slowly.
You can hop short distances.
You have an extended range of vision and can be seen from far away.


Message History

The hornet attacks as you move away!
The hornet stings you but does no damage.
Casting: Airstrike (dangerous; 12% risk of failure)
Confirm with . or Enter, or press ? or * to list all spells.
Aiming: Airstrike (dangerous; 12% risk of failure)
Press: ? - help, Dir - move target, f/p - hornet
Aim: a hornet (moderately wounded, empty space bonus: 6/8)
The air twists around and strikes the hornet.
The hornet is heavily wounded.
The hornet closely misses you. x2
Unknown command.
You hit the hornet. You burn the hornet.
The hornet is heavily wounded.
The hornet closely misses you. The hornet stings you.
You are poisoned.
You feel yourself slow down.
Your magical contamination has completely faded away.
You sock the hornet!
The hornet is almost dead.
You feel yourself speed up.
You feel very sick. The hornet stings you!
You feel yourself slow down.
The hornet stings you but does no damage.
The hornet stings you!
You are more poisoned.
You feel as though you will be slow longer.
You hit the hornet.
You feel better.
The hornet is almost dead.
You feel very sick. The hornet closely misses you. The hornet stings you.
* * * LOW HITPOINT WARNING * * *
You suddenly lose the ability to move!
The hornet stings you!
* * * LOW HITPOINT WARNING * * *
You are more poisoned.
You shrug off the repeated paralysis!
You can move again.
Unknown command.
You sock the hornet!
You kill the hornet!
You die...

#.#.............###..#...##...##
#.#...####......# #.###..####...
#.....###......(# #.##^.....###.
##.##.##......†.# #..#..........
#.##...........# ##............
#..#..###.....## ##...........
##>.....###...#######...........
#..###..########......###.......
#.## #...######@†.##..###.######
##.# #...##................ ..#
...# #...##.#########..##### #.#
..## #...##.# ...... #.# ..#
#...##.# .y...@. #.# ..#
#...##.### ..... #.. ..#
#...##..P# #.##### #.. ..#
#....#...# .. #.# ..# ####.#..P#
#.#


There were no monsters in sight!

Vanquished Creatures
  A hornet (D:5)
  Menkaure (D:4)
  4 ogres (D:5)
  A necrophage (D:4)
  A scorpion (D:5)
  A howler monkey (D:5)
  3 hounds
  A jelly (D:5)
  Crazy Yiuf (D:3)
  2 iguanas
  Ijyb (D:5)
  11 adders
  An ufetubus (D:5)
  2 worms
  7 dart slugs
  An orc (D:5)
  5 ball pythons
  2 bats
  4 endoplasms
  A giant cockroach (D:3)
  5 goblins
  7 hobgoblins
  4 jackals (D:2)
  7 kobolds
  4 quokkas
  3 frilled lizards
  2 rats
83 creatures vanquished.

Vanquished Creatures (others)
  A fungus (D:1)
1 creature vanquished.

Grand Total: 84 creatures vanquished

Notes
Turn   | Place    | Note
-------+----------+-------------------------------------------
     0 | D:1      | rogsnak the Barachi Air Elementalist began the quest for
                  | the Orb.
     0 | D:1      | Reached XP level 1. HP: 13/13 MP: 3/3
   416 | D:1      | Found a faded altar of an unknown god.
   461 | D:1      | Reached XP level 2. HP: 19/19 MP: 3/5
   784 | D:1      | Found Duaqa's Jewellery Boutique.
  1189 | D:2      | Reached XP level 3. HP: 24/24 MP: 3/6
  1473 | D:2      | Reached XP level 4. HP: 30/30 MP: 0/8
  1559 | D:2      | Reached skill level 2 in Conjurations
  2321 | D:2      | Reached XP level 5. HP: 35/35 MP: 3/10
  2620 | D:3      | Reached skill level 3 in Conjurations
  2677 | D:3      | Learned a level 4 spell: Airstrike
  2691 | D:3      | Found a runed translucent door.
  2692 | D:3      | Noticed Crazy Yiuf
  2703 | D:3      | Killed Crazy Yiuf
  3471 | D:4      | Reached XP level 6. HP: 41/41 MP: 5/12
  3736 | D:4      | Found Sevemyun's Antique Armour Emporium.
  3793 | D:4      | Found a blossoming altar of Fedhas.
  3810 | D:4      | Found a sparkling altar of Nemelex Xobeh.
  3813 | D:4      | Found an ancient bone altar of Kikubaaqudgha.
  4310 | D:4      | Noticed Menkaure
  4314 | D:4      | Killed Menkaure
  4315 | D:4      | Reached skill level 4 in Conjurations
  4397 | D:4      | Reached skill level 5 in Air Magic
  4397 | D:4      | Reached XP level 7. HP: 41/46 MP: 2/13
  4727 | D:5      | Entered Level 5 of the Dungeon
  4727 | D:5      | Noticed Ijyb
  4897 | D:5      | Reached skill level 5 in Conjurations
  4973 | D:5      | Killed Ijyb
  5070 | D:5      | Reached skill level 5 in Spellcasting
  5326 | D:5      | Reached skill level 6 in Conjurations
  5326 | D:5      | Reached XP level 8. HP: 49/53 MP: 8/16
  5443 | D:5      | Reached skill level 1 in Fighting
  5661 | D:5      | Noticed a hornet
  5737 | D:5      | Noticed Sigmund
  5745 | D:5      | Paralysed by a hornet for 1 turns
  5745 | D:5      | HP: 1/54 [hornet (14)]
  5746 | D:5      | Killed a hornet
  5746 | D:5      | Succumbed to a hornet's poison

Illustrated notes

Levels and vault maps discovered:
D:1:      sevenhm_arrival_forest_fort_small_5, layout_basic, serial_shops,
          nicolae_shop_crystal, shapermc_ecumenical_altar_mp_urbaneastern
D:2:      layout_loops_ring
D:3:      layout_rooms, kennysheep_another_room, roderic_three_in_a_row,
          uniq_crazy_yiuf_cottage
D:4:      layout_basic, grunt_temple_overflow_open, serial_co_window_serial,
          co_window_corner_a, co_window_paths_b, co_window_paths_b,
          co_window_cross_1, co_window_corner_a, co_window_of_opportunity_a,
          co_window_corner_a, co_window_corner_cb, co_window_broadway_b,
          co_window_broadway_c, co_window_broadway_a, co_window_corner_b,
          co_window_unsneaky_path_c, co_window_corner_b, glass_columns_a,
          glass_columns_b, glass_columns_c, glass_columns_a, serial_shops, shop,
          corexii_leaking_fountain, uniq_menkaure
D:5:      layout_rooms, sigmund_edmund_badplayer, uniq_ijyb

Skill      XL: |  1  2  3  4  5  6  7  8 |
---------------+-------------------------+-----
Air Magic      | 4 5 |  5.9
Spellcasting   | 3 4 5 |  5.5
Conjurations   | 2 3 4 6 |  6.4
Stealth        | 2 |  2.0
Fighting       | 1 |  1.0
Dodging        | |  2.9

Action                   |  1- 3 |  4- 6 |  7- 9 || total
-------------------------+-------+-------+-------++-------
Melee: Short sword       |    11 |     5 |       ||    16
       Quarterstaff      |       |     3 |    11 ||    14
 Cast: Shock             |    41 |   132 |    72 ||   245
       Airstrike         |       |       |     3 ||     3
Evoke: Wand              |       |       |     1 ||     1
Armor: Robe              |     1 |     2 |     8 ||    11
Dodge: Dodged            |     4 |    30 |    38 ||    72

Table legend: (Time is in decaauts)
 A = Elapsed time spent in this place.
 B = Non-inter-level travel time spent in this place.
 C = Inter-level travel time spent in this place.
 D = Time resting spent in this place.
 E = Time spent auto-exploring this place.
 F = Levels seen in this place.
 G = Mean time per level.
                   A        B        C        D        E       F      G
               +--------+--------+--------+--------+--------+-----+--------+
         Total |   6419 |   6326 |     93 |    415 |   4889 |   5 | 1283.8 |
       Dungeon |   6419 |   6326 |     93 |    415 |   4889 |   5 | 1283.8 |
               +--------+--------+--------+--------+--------+-----+--------+

Top non-repeatable levels by time:
     D:4: 1712 daAuts
     D:1: 1351 daAuts
     D:2: 1332 daAuts
     D:5: 1051 daAuts
     D:3: 970 daAuts
